 Dungeon Crawl Stone Soup version 0.18.1-8-gdd0e5ea (webtiles) character file.

12021 deorigin the Earth Mage (level 11, -5/67 HPs)
             Began as a Gargoyle Earth Elementalist on May 25, 2016.
             Was an Elder of Vehumet.
             Killed from afar by a gargoyle (9 damage)
             ... with a stone arrow
             ... in a labyrinth.
             The game lasted 00:57:12 (16859 turns).

deorigin the Earth Mage (GrEE)                     Turns: 16859, Time: 00:57:12

Health: -5/67      AC: 21    Str: 13    XL:     11   Next: 86%
Magic:  21/21      EV: 14    Int: 18    God:    Vehumet [****..]
Gold:   701        SH:  0    Dex: 16    Spells: 6 memorised, 3 levels left

rFire  . . .     SeeInvis .     n - +0 dire flail
rCold  . . .     Gourm    .     J - +1 scale mail
rNeg   + . .     Faith    .     (shield currently unavailable)
rPois  ∞         Spirit   .     t - +2 hat
rElec  +         Dismiss  .     (no cloak)
rCorr  .         Reflect  .     L - +2 pair of fencer's gloves {LBl+4 SBl+4 EV+3 Dex+6}
SustAt .         Harm     .     (no boots)
MR     .....                    (no amulet)
Stlth  +++.......               N - ring of stealth
                                r - ring of stealth

@: very slightly contaminated, hasted, very quick, not resistant to hostile
enchantments, fairly stealthy
A: negative energy resistance 1, electricity resistance, unbreathing,
petrification resistance, rot immunity, AC +7
a: Renounce Religion


You were in a labyrinth.
You worshipped Vehumet.
Vehumet was greatly pleased with you.
You were not hungry.

You visited 2 branches of the dungeon, and saw 11 of its levels.
You also visited: Labyrinth.

You collected 701 gold pieces.

Inventory:

Hand Weapons
 h - a +0 morningstar
 n - a +0 dire flail (weapon)
 u - a +0 blowgun
 y - a +1 short sword of electrocution
 z - a +0 flail
 P - a +0 rapier of venom
Missiles
 b - 216 stones (quivered)
 s - 74 poisoned needles
Armour
 j - a +0 chain mail
 k - a +0 ring mail
 t - a +2 hat (worn)
 J - a +1 scale mail (worn)
 L - the +2 pair of fencer's gloves (worn) {LBl+4 SBl+4 EV+3 Dex+6}
   (You found it on level 6 of the Dungeon)

   It affects your evasion (+3).
   It affects your dexterity (+6).
 T - a +1 robe of cold resistance
 X - a +0 ring mail of poison resistance
Jewellery
 r - a ring of stealth (left hand)
 H - a +2 ring of strength
 N - a ring of stealth (right hand)
 U - a +2 ring of strength
Wands
 a - a wand of polymorph (2/24)
 v - a wand of slowing (20/48)
 A - a wand of acid (6/15)
 M - a wand of iceblast (9/15)
 R - a wand of heal wounds (0/9)
Scrolls
 i - a scroll of enchant armour
 o - 4 scrolls of teleportation
 p - 5 scrolls of enchant weapon
 q - 2 scrolls of random uselessness
 I - a scroll of noise
 Q - a scroll of immolation
Potions
 f - a potion of berserk rage {unknown}
 g - 6 potions of curing
 w - a potion of flight
 x - 2 potions of invisibility
 B - a potion of resistance
 D - 2 potions of cancellation
 F - a potion of mutation {unknown}
 K - a potion of might
Books
 c - a book of Geomancy

   Spells                             Type                      Level
   a - Sandblast                      Earth                        1
   b - Passwall                       Transmutation/Earth          2
   c - Stone Arrow                    Conjuration/Earth            3
   d - Petrify                        Transmutation/Earth          4
   e - Lee's Rapid Deconstruction     Earth                        5
 O - a book of the Tempests

   Spells                             Type                      Level
   a - Static Discharge               Conjuration/Air              3
   b - Lightning Bolt                 Conjuration/Air              5
   c - Fireball                       Conjuration/Fire             5
   d - Tornado                        Air                          9
   e - Shatter                        Earth                        9
 Y - a book of Transfigurations

   Spells                             Type                      Level
   a - Irradiate                      Conjuration/Transmutation    5
   b - Statue Form                    Transmutation/Earth          6
   c - Hydra Form                     Transmutation                6
   d - Dragon Form                    Transmutation                7
 Z - a book of Death

   Spells                             Type                      Level
   a - Corpse Rot                     Necromancy                   2
   b - Sublimation of Blood           Necromancy                   2
   c - Agony                          Necromancy                   5
   d - Dispel Undead                  Necromancy                   5
   e - Excruciating Wounds            Charms/Necromancy            5
   f - Bolt of Draining               Conjuration/Necromancy       5
Comestibles
 d - 12 bread rations
 m - 2 meat rations
 G - 4 fruits


   Skills:
 - Level 7.0 Fighting
 - Level 5.3 Armour
 - Level 3.7 Dodging
 - Level 2.1 Stealth
 * Level 7.1 Spellcasting
 - Level 3.5 Conjurations
 - Level 0.7 Transmutations
 + Level 15.9 Earth Magic


You had 3 spell levels left.
You knew the following spells:

 Your Spells              Type           Power        Failure   Level  Hunger
a - Sandblast             Erth           ######       1%          1    None
b - Passwall              Trmt/Erth      #####.....   1%          2    None
c - Stone Arrow           Conj/Erth      #####.       1%          3    ##.....
e - Shatter               Erth           ######....   100%        9    #######
f - Conjure Flame         Conj/Fire      ##......     24%         3    ##.....
g - Ignite Poison         Fire/Trmt/Pois #.......     50%         3    ##.....


Dungeon Overview and Level Annotations

Branches:
Dungeon (10/15)            Temple (0/1) D:7            Lair (1/8) D:10
    Orc (0/2) D:10

Altars:
Cheibriados
Elyvilon
Fedhas
Gozag
Makhleb
Nemelex Xobeh
Qazlal
Ru
Sif Muna
Trog
Vehumet
Yredelemnul
Zin

Annotations:
Lab Denapoli's ghost, journeyman HOFi


Innate Abilities, Weirdness & Mutations

You are resistant to torment.
Your stone body is resilient (AC +7).
You are immune to poison.
You resist negative energy.
You are resistant to electric shocks.
You can survive without breathing.
You are immune to petrification.
You are immune to rotting.


Message History

The gargoyle hits you but does no damage.
You barely miss the gargoyle.
The gargoyle is almost destroyed.
The gargoyle hits you with a mace!
* * * LOW HITPOINT WARNING * * *
Drink which item? (? for menu, Esc to quit)
You feel yourself speed up.
You are very lightly contaminated with residual magic.
You hit the gargoyle.
The gargoyle is almost destroyed.
The gargoyle hits you but does no damage.
You hit the gargoyle but do no damage.
The gargoyle is almost destroyed.
The gargoyle hits you with a mace.
* * * LOW HITPOINT WARNING * * *
You barely miss the gargoyle.
The gargoyle is almost destroyed.
The gargoyle hurls a stone arrow at you.
The stone arrow hits you!
You die...

.# .## ## ... ..
####..# # # # .
#..#..# # . .
....##.# . #### #
#..###9.....#. .§§.
.. #....@### # .
§§§ #
.....#.........#.§
§. .#
##.......###.###.§.
#### .....#.#.#. .#
#. ... . ###..^
.### # # #. . #
..#.#.# #. ) #
.#.....# # ## . #.#
.. .. ... # .#.#.#
# #### ##


You could see a gargoyle.

Vanquished Creatures
  A hill giant (D:10)
  A manticore (D:10)
  4 gargoyles (Lab)
  A komodo dragon (D:9)
  3 trolls
  A two-headed ogre (D:7)
  3 redbacks (Lab)
  A shadow (Lab)
  12 yaks
  Eustachio (D:6)
  3 hippogriffs
  3 hungry ghosts
  3 wargs (D:10)
  A swamp drake (D:10)
  5 sky beasts
  An ice beast (D:8)
  A black bear (D:6)
  A wasp (D:10)
  6 orc warriors
  A necrophage (D:10)
  3 centaurs
  5 ogres
  A phantom (D:6)
  A big kobold (D:7)
  A gnoll sergeant (D:7)
  7 giant frogs
  A scorpion (D:7)
  14 wights
  A howler monkey (D:4)
  2 centaur zombies
  6 crimson imps
  2 jellies
  2 giant frog zombies (D:8)
  5 hounds
  11 orc priests
  2 centaur skeletons (D:9)
  15 orc wizards
  3 iguanas
  2 worker ants
  A killer bee zombie (D:10)
  2 ogre skeletons (Lab)
  A hound zombie (D:6)
  A hound skeleton (D:9)
  3 worker ant zombies
  4 gnolls (D:7)
  4 adders
  2 shadow imps
  2 oozes
  3 adder skeletons
  A worm (D:4)
  2 dart slugs (D:3)
  6 giant geckos
  48 orcs
  2 ball pythons
  8 giant cockroaches
  16 goblins
  7 hobgoblins
  19 jackals
  5 quokkas
  3 bats
  2 giant gecko zombies
  3 giant newts
  A jackal skeleton (D:4)
  15 kobolds
  A quokka skeleton (D:5)
  A quokka zombie (D:7)
  9 rats
309 creatures vanquished.

Vanquished Creatures (others)
  A bat (D:2)
1 creature vanquished.

Grand Total: 310 creatures vanquished

Notes
Turn   | Place    | Note
--------------------------------------------------------------
     0 | D:1      | deorigin the Gargoyle Earth Elementalist began the quest for the Orb.
     0 | D:1      | Reached XP level 1. HP: 10/10 MP: 3/3
   551 | D:1      | Reached skill level 4 in Earth Magic
   986 | D:1      | Reached XP level 2. HP: 15/15 MP: 3/5
  1899 | D:1      | Reached XP level 3. HP: 17/19 MP: 1/6
  1903 | D:1      | Reached skill level 5 in Earth Magic
  2400 | D:2      | Learned a level 2 spell: Passwall
  2404 | D:2      | Learned a level 3 spell: Stone Arrow
  2456 | D:2      | Found an opulent altar of Gozag.
  2757 | D:2      | Found a burning altar of Makhleb.
  3142 | D:2      | Found a basalt altar of Yredelemnul.
  3183 | D:2      | Reached XP level 4. HP: 24/24 MP: 5/7
  3735 | D:3      | Reached skill level 6 in Earth Magic
  3985 | D:3      | Found a stormy altar of Qazlal.
  4048 | D:3      | Found a white marble altar of Elyvilon.
  4313 | D:3      | Found a snail-covered altar of Cheibriados.
  4710 | D:4      | Found a sacrificial altar of Ru.
  4715 | D:4      | Reached XP level 5. HP: 27/28 MP: 8/8
  4770 | D:4      | Reached skill level 7 in Earth Magic
  4903 | D:4      | Reached skill level 8 in Earth Magic
  4903 | D:4      | Reached XP level 6. HP: 32/32 MP: 6/9
  5075 | D:4      | Reached skill level 1 in Conjurations
  5175 | D:4      | Found a radiant altar of Vehumet.
  5246 | D:4      | Found a bloodstained altar of Trog.
  5281 | D:4      | Became a worshipper of Vehumet
  5859 | D:5      | Entered Level 5 of the Dungeon
  5946 | D:5      | Reached XP level 7. HP: 36/36 MP: 11/11
  6724 | D:6      | Reached skill level 1 in Fighting
  6975 | D:6      | Noticed a yak
  6975 | D:6      | Noticed a yak
  6976 | D:6      | Noticed a yak
  6976 | D:6      | Noticed a yak
  6977 | D:6      | Noticed a yak
  6994 | D:6      | Noticed a yak
  7004 | D:6      | Killed a yak
  7279 | D:6      | Killed a yak
  7279 | D:6      | Reached XP level 8. HP: 12/46 MP: 6/15
  7708 | D:6      | Killed a yak
  7708 | D:6      | Reached skill level 5 in Spellcasting
  7712 | D:6      | Killed a yak
  7806 | D:6      | Killed a yak
  7821 | D:6      | Killed a yak
  8057 | D:6      | Reached XP level 9. HP: 49/53 MP: 19/19
  8141 | D:6      | Reached skill level 5 in Fighting
  8141 | D:6      | Reached skill level 1 in Armour
  8166 | D:6      | Reached * piety under Vehumet
  8166 | D:6      | Offered knowledge of Shock by Vehumet.
  8196 | D:6      | Noticed Eustachio
  8203 | D:6      | Killed Eustachio
  9187 | D:6      | Found a sparkling altar of Nemelex Xobeh.
  9670 | D:7      | Reached ** piety under Vehumet
  9785 | D:7      | Offered knowledge of Magic Dart by Vehumet.
  9785 | D:7      | Reached skill level 5 in Armour
  9796 | D:7      | Got a scorched leather armour
  9943 | D:7      | Learned a level 1 spell: Magic Dart
  9968 | D:7      | Learned a level 9 spell: Shatter
  9970 | D:7      | Noticed a two-headed ogre
 10092 | D:6      | Reached XP level 10. HP: 54/63 MP: 20/20
 10173 | D:6      | Identified the +0 leather armour of Relativism {rElec rPois MR-} (You found it on level 7 of the Dungeon)
 10293 | D:7      | Found a staircase to the Ecumenical Temple.
 10401 | D:7      | Reached skill level 9 in Earth Magic
 10840 | D:8      | Offered knowledge of Conjure Flame by Vehumet.
 10845 | D:8      | Learned a level 3 spell: Conjure Flame
 10908 | D:8      | Reached skill level 10 in Earth Magic
 11415 | D:8      | Reached *** piety under Vehumet
 11610 | D:9      | Reached skill level 11 in Earth Magic
 11978 | D:7      | Reached skill level 12 in Earth Magic
 12013 | D:8      | Offered knowledge of Ignite Poison by Vehumet.
 12421 | D:9      | Reached XP level 11. HP: 64/67 MP: 21/21
 12482 | D:9      | Reached skill level 13 in Earth Magic
 12764 | D:9      | Got an ichor-stained glaive
 13223 | D:9      | Found a deep blue altar of Sif Muna.
 13376 | D:9      | Found a sparkling altar of Nemelex Xobeh.
 13384 | D:9      | Found a glowing silver altar of Zin.
 13387 | D:9      | Found a snail-covered altar of Cheibriados.
 13390 | D:9      | Found a blossoming altar of Fedhas.
 13410 | D:10     | Entered Level 10 of the Dungeon
 13602 | D:10     | Found a staircase to the Lair.
 14072 | D:10     | Reached **** piety under Vehumet
 14103 | D:10     | Learned a level 3 spell: Ignite Poison
 14115 | D:10     | Found a staircase to the Orcish Mines.
 14120 | D:10     | Identified the cursed +1 glaive of the Swamp {freeze, *Corrode rPois Str+10 Dex-5} (You found it on level 9 of the Dungeon)
 14241 | D:9      | Reached skill level 14 in Earth Magic
 14893 | D:10     | Noticed a manticore
 14902 | D:10     | Killed a manticore
 15192 | D:10     | Noticed a hill giant
 15204 | D:10     | Killed a hill giant
 15481 | D:10     | Reached skill level 15 in Earth Magic
 15616 | Lair:1   | Entered Level 1 of the Lair of Beasts
 15616 | Lair:1   | Found a labyrinth entrance.
 15648 | Lab      | Entered a labyrinth
 16117 | Lab      | Offered knowledge of Bolt of Magma by Vehumet.
 16339 | Lab      | Noticed Denapoli's ghost (journeyman HOFi)
 16366 | Lab      | HP: 2/67 [Denapoli's ghost (10)]
 16858 | Lab      | HP: 3/67 [gargoyle/mace (2)]
 16859 | Lab      | Killed from afar by a gargoyle

Skill      XL: |  1  2  3  4  5  6  7  8  9 10 11 |
---------------+----------------------------------+-----
Earth Magic    | 4 5 6 8 12 15 | 15.9
Conjurations   | 2 3 |  3.5
Spellcasting   | 3 4 7 |  7.1
Fighting       | 3 4 7 |  7.0
Armour         | 5 |  5.3
Dodging        | 3 |  3.7
Stealth        | |  2.1
Transmutations | |  0.7

Action                   |  1- 3 |  4- 6 |  7- 9 | 10-12 || total
-------------------------+-------+-------+-------+-------++-------
Melee: Unarmed           |    24 |       |       |       ||    24
       Club              |    54 |    58 |       |       ||   112
       Short sword       |       |    43 |   366 |   295 ||   704
       Rapier            |       |       |    48 |   460 ||   508
       Dire flail        |       |       |       |    60 ||    60
       Glaive            |       |       |       |     4 ||     4
 Cast: Sandblast         |    74 |    79 |    56 |    37 ||   246
       Passwall          |       |       |     3 |       ||     3
       Conjure Flame     |       |       |       |     1 ||     1
Evoke: Wand              |       |       |       |    12 ||    12
  Use: Scroll            |       |       |       |    25 ||    25
       Potion            |       |       |       |     6 ||     6
 Stab: Sleeping          |       |     1 |     1 |     2 ||     4
  Eat: Chunk             |     8 |     8 |    12 |    19 ||    47
       Pizza             |       |     1 |       |     2 ||     3
       Beef jerky        |       |       |     1 |     3 ||     4
       Fruit             |       |       |     2 |     1 ||     3
Armor: Robe              |    56 |    52 |    29 |       ||   137
       Scale mail        |       |       |   186 |   439 ||   625
Dodge: Dodged            |   106 |   129 |   263 |   630 ||  1128
